 Dungeon Crawl Stone Soup version 0.29.0-4-gdea44cf6ec (webtiles) character file.

Game seed: 6287437812338913040

41 qw the Chopper (level 3, 0/21 HPs)
             Began as a Tengu Warper on Aug 28, 2022.
             Succumbed to their own poison gas
             ... on level 1 of the Dungeon.
             The game lasted 00:00:06 (1175 turns).

qw the Chopper (Tengu Warper)                       Turns: 1175, Time: 00:00:07

Health: 0/21       AC:  4    Str: 13    XL:     3   Next: 52%
Magic:  7/7        EV: 12    Int: 13    God:
Gold:   55         SH:  0    Dex: 13    Spells: 6/6 levels left

rFire   . . .      SeeInvis .   Y - +0 hand axe
rCold   . . .      Faith    .   (no shield)
rNeg    . . .      Spirit   .   b - +0 leather armour
rPois   .          Reflect  .   (helmet restricted)
rElec   .          Harm     .   j - +0 cloak
rCorr   .          Rampage  .   (no gloves)
Will    .....                   (boots unavailable)
Stlth   +.........              (no amulet)
HPRegen 0.07/turn               (no ring)
MPRegen 0.10/turn               (no ring)

@: lethally poisoned (0 -> -11)
A: beak, talons 3
a: no special abilities


You were on level 1 of the Dungeon.
You visited 1 branch of the dungeon, and saw 1 of its levels.

You collected 55 gold pieces.


Innate Abilities, Weirdness & Mutations

You have a beak for a mouth.
You have claws for feet.


   Skills:
 - Level 2.0 Fighting
 + Level 4.2 Axes
 - Level 1.0 Throwing
 - Level 1.1 Armour
 - Level 2.1 Dodging
 - Level 2.0 Spellcasting
 - Level 2.4 Translocations


You had 6 spell levels left.
You didn't know any spells.
Your spell library contained the following spells:

 Spells                   Type           Power      Damage    Failure   Level
 Blink                    Tloc           14%        N/A       19%         2
 Gell's Gravitas          Tloc           7%         N/A       36%         3
 Lesser Beckoning         Tloc           7%         N/A       36%         3
 Teleport Other           Tloc           7%         N/A       36%         3
 Manifold Assault         Tloc           7%         N/A       98%         5

Inventory:

Hand Weapons
 h - a +0 whip
 Y - a +0 hand axe (weapon)
Armour
 b - a +0 leather armour (worn)
 j - a +0 cloak (worn)
Potions
 d - a potion of cancellation {unknown}
 f - a potion of curing {unknown}
 g - a potion of degeneration {unknown}

Dungeon Overview and Level Annotations

Branches:
Dungeon (1/15)

Altars:


Message History

There is an open door here.
You see here a quokka corpse.
There is an open door here.
You see here a quokka corpse.
There is an open door here.
You see here a ball python corpse.
Done exploring.
Done exploring.
1164 ||| UPGRADING to +0 cloak.
You start putting on your armour.
You continue putting on your +0 cloak. x4
You finish putting on your +0 cloak.
Done exploring.
1169 ||| READING scroll labelled HAPEROSIST.
As you read the scroll labelled HAPEROSIST, it crumbles to dust.
It is a scroll of amnesia.
You feel forgetful for a moment.
Done exploring.
1170 ||| READING scroll labelled OKUULUA SUEKU.
The air fills with toxic fumes!
As you read the scroll labelled OKUULUA SUEKU, it crumbles to dust.
It was a scroll of poison.
Done exploring.
1171 ||| DROPPING scroll of blinking.
You drop a scroll of blinking.
Done exploring.
(D) Dungeon
Where to? (* - list waypoints, ? - help)
What level of the Dungeon? (default 1, ? - help) Sorry, I don't know how to get there.
Done exploring.
1172 ||| Stepping randomly (stuck).
Really walk into that cloud of poison gas?
You are engulfed in poison gas.
You are lethally poisoned!
You feel very sick.
1173 ||| Stepping ~*~*~tactically~*~*~ (cloud).
You feel very sick.
You see here a scroll of blinking.
There is a lethal amount of poison in your body!
You feel very sick.
There is a lethal amount of poison in your body!
You die...

#.# #.#.# #....).#
#.###.#.####.##¤###
##............##¤#
.......#.#######¤#
########.# #¤# #.#
#¤# #.# #¤#
#.#######¤#
#.¤0¤0¤¤¤@#
###########


There were no monsters in sight!

Vanquished Creatures
  2 dart slugs (D:1)
  2 ball pythons (D:1)
  A bat (D:1)
  3 endoplasms (D:1)
  A giant cockroach (D:1)
  6 goblins (D:1)
  5 hobgoblins (D:1)
  3 kobolds (D:1)
  3 quokkas (D:1)
  2 frilled lizards (D:1)
  5 rats (D:1)
33 creatures vanquished.

Notes
Turn   | Place    | Note
-------+----------+-------------------------------------------
     0 | D:1      | qw the Tengu Warper began the quest for the Orb.
     0 | D:1      | Reached XP level 1. HP: 12/12 MP: 4/4
     0 | D:1      | 0 ||| qw: Version: 0.1-a-89-g26bdef1
     0 | D:1      | 0 ||| qw: Game counter: 1465
     0 | D:1      | 0 ||| qw: Always use a shield: true
     0 | D:1      | 0 ||| qw: God list: Okawaru
     0 | D:1      | 0 ||| qw: Allow faded altars: false
     0 | D:1      | 0 ||| qw: Do Orc after D:15 true
     0 | D:1      | 0 ||| qw: Do second Lair branch before Depths: true
     0 | D:1      | 0 ||| qw: Lair rune preference: random
     0 | D:1      | 0 ||| qw: Plans: Normal
     0 | D:1      | 0 ||| PLANNING D:1-11
    71 | D:1      | Reached XP level 2. HP: 7/17 MP: 6/6
   191 | D:1      | Reached skill level 3 in Axes
   561 | D:1      | Reached XP level 3. HP: 20/21 MP: 7/7
   643 | D:1      | 643 ||| Stepping ~*~*~tactically~*~*~ (stealth).
   650 | D:1      | Reached skill level 4 in Axes
   650 | D:1      | 650 ||| Stepping ~*~*~tactically~*~*~ (stealth).
   657 | D:1      | 657 ||| Stepping ~*~*~tactically~*~*~ (stealth).
   673 | D:1      | 673 ||| Stepping ~*~*~tactically~*~*~ (stealth).
   676 | D:1      | 676 ||| Stepping ~*~*~tactically~*~*~ (stealth).
   742 | D:1      | 742 ||| DROPPING +0 club.
  1120 | D:1      | Found a faded altar of an unknown god.
  1164 | D:1      | 1164 ||| UPGRADING to +0 cloak.
  1169 | D:1      | 1169 ||| READING scroll labelled HAPEROSIST.
  1170 | D:1      | 1170 ||| READING scroll labelled OKUULUA SUEKU.
  1171 | D:1      | 1171 ||| DROPPING scroll of blinking.
  1172 | D:1      | 1172 ||| Stepping randomly (stuck).
  1173 | D:1      | 1173 ||| Stepping ~*~*~tactically~*~*~ (cloud).
  1174 | D:1      | HP: 2/21 [poisoned by you (poison gas)]
  1175 | D:1      | Succumbed to their own poison gas

Levels and vault maps discovered:
D:1:      matt_arrival_spirals, layout_loops_ring,
          dilly_ecumenical_altar_fadedgnrine, st_stairs_6

Skill      XL: |  1  2  3 |
---------------+----------+-----
Axes           | 3 4 |  4.2
Fighting       | |  2.0
Throwing       | |  1.0
Armour         | |  1.1
Dodging        | |  2.1
Spellcasting   | |  2.0
Translocations | |  2.4

Action                   || total
-------------------------++-------
Melee: Hand axe          ||    54
       Kick              ||    15
       Peck              ||    12
Throw: Boomerang         ||     7
  Use: Scroll            ||     2
Armor: Leather armour    ||     3
Dodge: Dodged            ||    22

Table legend:
 A = Non-vault XP
 B = Vault XP
 C = Vault XP percentage of total XP
 D = Non-vault monster count
 E = Vault monster count
 F = Vault count percentage of total count
                 A         B        C        D         E       F
            +---------+---------+-------+---------+---------+-------
      Total |      55 |       4 |   6.8 |      31 |       2 |   6.1
            +---------+---------+-------+---------+---------+-------
        D:1 |      55 |       4 |   6.8 |      31 |       2 |   6.1
            +---------+---------+-------+---------+---------+-------
